Map: Polka LE

Players

Integro

  • Race: Zerg Zerg
  • League: Platinum
  • Spawn Location: 5:00

Sania

  • Race: Zerg Zerg
  • Spawn Location: 5:00

Massa

  • Race: Terran Terran
  • League: Platinum
  • Spawn Location: 11:00

qqq

  • Race: Zerg Zerg
  • Spawn Location: 11:00

VOD

Have the link to the VOD?

Description

Time

  • Played on: March 8, 2021, 6:11 a.m.
  • Length: 20:28
Show
View Real Time Build Order
Export as new Build Order

Integro Zerg 

Build Orders: Hatch First, Lurkers 

Get SALT Encoding   

  12  0:01  Drone  
  13  0:12  Overlord  
  13  0:22  Drone  
  14  0:31  Drone x2  
  16  0:36  Drone  
  17  0:56  Drone  
  18  0:57  Hatchery  
  18  0:59  Drone  
  18  1:05  Extractor  
  18  1:07  Drone  
  18  1:19  Spawning Pool  
  18  1:21  Drone  
  18  1:29  Drone  
  19  1:51  Overlord  
  19  2:06  Queen  
  21  2:09  Metabolic Boost  
  21  2:11  Queen  
  21  2:13  Drone x4  
  27  2:27  Zergling x2  
  28  2:36  Drone  
  29  2:40  Drone  
  29  2:41  Hatchery  
  29  2:53  Drone  
  29  2:54  Drone  
  29  2:56  Drone  
  29  2:57  Drone  
  33  2:59  Queen  
  33  3:03  Overlord  
  35  3:21  Queen  
  37  3:28  Drone x2  
  39  3:35  Drone x2  
  39  3:36  Drone x2  
  43  3:42  Roach Warren  
  43  3:45  Lair  
  42  3:49  Zergling x4  
  42  3:55  Drone x3  
  46  3:57  Drone  
  48  4:05  Queen  
  50  4:16  Overlord x2  
  50  4:33  Queen  
  50  4:37  Roach x5  
  64  4:38  Roach  
  64  4:39  Zergling x4  
  64  4:40  Overlord x3  
  64  4:41  Overlord  
  66  5:20  Drone  
  66  5:21  Drone x8  
  74  5:23  Hydralisk Den, Glial Reconstitution  
  74  5:29  Extractor  
  74  5:32  Extractor, Overlord x2  
  74  5:33  Overlord  
  74  5:35  Extractor  
  71  5:38  Extractor  
  70  5:45  Overlord x2  
  70  5:52  Evolution Chamber  
  70  5:54  Evolution Chamber  
  68  5:57  Drone  
  68  5:58  Drone x3  
  68  6:00  Drone x2  
  74  6:08  Drone x4  
  74  6:10  Extractor  
  77  6:23  Drone x2  
  79  6:31  Drone x4  
  79  6:32  Drone x5  
  88  6:33  Drone  
  88  6:38  Zerg Missile Weapons Level 1, Zerg Ground Armor Level 1  
  89  6:40  Muscular Augments  
  89  6:41  Lurker Den  
  89  6:44  Hydralisk  
  90  6:52  Spore Crawler  
  89  6:55  Spore Crawler  
  89  6:56  Spore Crawler  
  89  6:59  Spore Crawler x2  
  85  7:08  Spore Crawler  
  84  7:09  Spore Crawler x2  
  84  7:10  Hydralisk  
  84  7:11  Hydralisk x7  
  84  7:13  Spore Crawler  
  82  7:28  Queen  
  82  7:29  Queen x2  
  76  7:39  Hydralisk  
  76  7:40  Hydralisk x6  
  76  7:41  Zergling x2  
  76  7:42  Zergling x4  
  83  8:00  Lurker  
  83  8:01  Lurker x3  
  87  8:10  Zergling x8  
  91  8:26  Drone x8  
  95  8:39  Drone  
  95  8:40  Drone  
  97  8:41  Zerg Ground Armor Level 2, Zerg Missile Weapons Level 2  
  97  8:44  Grooved Spines  
  97  9:11  Queen x3  
  97  9:12  Zergling x2  
  97  9:13  Zergling x14  
  97  9:14  Hydralisk x5  
  97  9:17  Hatchery  
  120  9:26  Infestation Pit  
  119  9:58  Hydralisk  
  121  10:00  Overlord  
  121  10:01  Overlord x3  
  121  10:11  Hive  
  121  10:19  Hydralisk  
  121  10:20  Hydralisk x7  
  137  10:23  Tunneling Claws  
  136  10:32  Hydralisk x4  
  143  10:52  Hydralisk  
  143  10:53  Hydralisk x7  
  158  11:04  Hydralisk  
  124  11:57  Zergling x2  
  124  11:58  Zergling x12  
  121  12:06  Zergling x16  
  107  12:15  Adaptive Talons  
  98  12:23  Hydralisk x7  
  112  12:36  Drone x5  
  96  13:11  Lurker  
  96  13:12  Seismic Spines, Lurker x6  
  103  13:13  Hydralisk x10  
  120  13:21  Zerg Missile Weapons Level 3  
  120  13:29  Extractor  
  120  13:30  Extractor  
  118  13:38  Ultralisk Cavern  
  117  13:52  Lurker x2  
  117  13:53  Lurker x4  
  117  13:54  Lurker, Overlord x4  
  117  13:55  Overlord x6  
  120  13:56  Hatchery, Zergling x2  
  120  13:57  Zergling x14  
  127  14:09  Zerg Ground Armor Level 3  
  127  14:26  Overseer  
  127  14:27  Overseer x3  
  127  14:31  Pneumatized Carapace  
  127  14:35  Zergling x22  
  138  14:45  Hydralisk x5  
  140  14:49  Zergling x2  
  145  14:56  Hydralisk x5  
  155  15:05  Hydralisk  
  155  15:06  Hydralisk x2  
  157  15:18  Drone x6  
  157  15:19  Drone x3  
  151  15:30  Hydralisk  
  151  15:31  Hydralisk x4  
  155  15:40  Hydralisk x3  
  155  15:41  Hydralisk  
  161  15:49  Hydralisk  
  159  15:50  Hydralisk x2  
  160  16:05  Hydralisk x3, Zergling x2  
  167  16:22  Lurker x2  
  169  16:26  Zergling x14  
  169  16:27  Zergling x4  
  142  17:10  Hydralisk x10  
  142  17:11  Hydralisk  
  164  17:24  Hydralisk  
  164  17:25  Hydralisk x2  
  164  17:26  Zergling x2  
  164  17:27  Zergling x2  
  172  17:39  Zergling x8  
  176  17:49  Hydralisk  
  176  17:50  Hydralisk x3  
  182  17:58  Lurker  
  155  18:09  Zergling x2  
  155  18:10  Zergling x10  
  132  18:42  Overseer x5  
  128  18:50  Zergling x18  
  137  19:03  Chitinous Plating  
  137  19:04  Extractor x2  
  126  19:31  Drone x2  
  126  19:35  Zergling x18  
  136  19:52  Hydralisk  
  132  19:53  Hydralisk x2  
Show
View Real Time Build Order
Export as new Build Order

Sania Zerg 

Build Orders: Hatch First 

Get SALT Encoding   

  12  0:02  Drone  
  13  0:09  Drone  
  14  0:20  Overlord  
  14  0:38  Drone x3  
  17  0:58  Drone  
  17  1:00  Hatchery  
  17  1:19  Drone x2  
  17  1:21  Spawning Pool  
  17  1:23  Drone  
  17  1:24  Extractor  
  18  1:37  Drone  
  19  1:51  Drone  
  19  1:54  Overlord  
  20  2:08  Queen  
  20  2:14  Drone x2  
  20  2:15  Queen  
  26  2:27  Metabolic Boost  
  26  2:28  Drone  
  26  2:29  Drone x2  
  29  2:46  Drone x2  
  29  2:47  Drone  
  29  2:48  Overlord  
  32  3:04  Baneling Nest  
  31  3:11  Drone x4  
  35  3:16  Queen  
  37  3:28  Drone x4  
  37  3:29  Drone  
  37  3:33  Extractor  
  41  3:47  Pneumatized Carapace  
  41  3:54  Drone x3  
  44  3:56  Hatchery  
  44  4:01  Extractor  
  44  4:02  Extractor, Drone x3  
  44  4:04  Overlord x3  
  44  4:18  Lair  
  44  4:27  Drone x3  
  44  4:31  Drone x3  
  50  4:34  Drone  
  50  4:37  Zergling x8  
  55  4:48  Zergling x4  
  57  5:21  Drone x5  
  58  5:22  Drone x3  
  65  5:32  Drone  
  66  5:48  Centrifical Hooks  
  66  5:50  Spire  
  66  5:53  Drone x3  
  66  5:55  Evolution Chamber  
  67  5:57  Drone  
  67  5:58  Drone x7, Evolution Chamber  
  67  6:00  Extractor  
  67  6:01  Extractor  
  67  6:02  Overlord x3  
  72  6:06  Queen  
  72  6:08  Hatchery  
  74  6:11  Zergling x2  
  74  6:12  Overlord  
  74  6:13  Overlord  
  74  6:25  Drone x3  
  76  6:26  Drone x2  
  76  6:27  Drone, Overlord  
  80  6:37  Baneling x2  
  80  6:38  Baneling x3  
  80  6:39  Baneling x2  
  80  6:44  Spore Crawler x3  
  77  6:48  Spore Crawler  
  77  6:50  Spore Crawler  
  77  6:53  Spore Crawler  
  74  6:54  Spore Crawler x2  
  74  6:55  Spore Crawler  
  74  6:56  Spore Crawler  
  74  6:57  Zerg Melee Weapons Level 1  
  74  6:58  Drone, Zerg Ground Armor Level 1  
  74  6:59  Drone x3, Spore Crawler  
  73  7:02  Corruptor x6  
  73  7:05  Zerg Flyer Weapons Level 1  
  85  7:12  Drone  
  85  7:13  Drone x3  
  88  7:36  Zergling x2  
  83  7:37  Zergling x26  
  88  8:05  Corruptor  
  88  8:06  Corruptor x9  
  88  8:11  Overseer  
  100  8:35  Zergling x2  
  100  8:36  Zergling x22  
  112  8:53  Corruptor x4  
  120  8:56  Overlord  
  120  8:57  Overlord x3  
  120  9:03  Spore Crawler  
  119  9:15  Hatchery  
  118  9:19  Corruptor x5  
  128  9:37  Corruptor x4  
  136  9:54  Drone x5  
  141  10:02  Infestation Pit  
  141  10:03  Zerg Ground Armor Level 2, Zerg Melee Weapons Level 2  
  141  10:05  Zerg Flyer Armor Level 1  
  140  10:40  Zergling x18  
  140  10:41  Zergling x2, Overlord  
  140  10:42  Overlord x6  
  150  10:43  Overlord x3  
  150  10:57  Spore Crawler  
  150  10:59  Spore Crawler  
  150  11:00  Spore Crawler x2  
  150  11:02  Spore Crawler  
  145  11:05  Zergling x10  
  145  11:06  Zergling x22  
  127  11:46  Corruptor  
  127  11:47  Corruptor x9  
  119  12:01  Zergling x2  
  119  12:02  Zergling x22  
  131  12:10  Queen  
  133  12:30  Baneling x12  
  133  12:31  Baneling x12  
  133  12:35  Hive  
  129  13:00  Zergling x24  
  129  13:01  Zergling x18  
  150  13:30  Zerg Flyer Weapons Level 2  
  150  13:51  Extractor  
  150  13:55  Extractor  
  148  14:00  Spire  
  148  14:02  Zerg Melee Weapons Level 3, Zerg Ground Armor Level 3  
  147  14:04  Adrenal Glands  
  147  14:06  Zergling x26  
  147  14:07  Zergling x34  
  177  14:18  Drone  
  177  14:19  Drone x2  
  177  14:20  Drone x3  
  163  14:51  Drone x3  
  106  15:36  Mutalisk  
  106  15:37  Mutalisk x15  
  138  15:45  Zergling x2  
  138  15:46  Zergling x2  
  116  16:22  Zergling x14  
  116  16:23  Zergling x2  
  108  16:31  Overseer  
  108  16:51  Mutalisk  
  108  16:52  Mutalisk  
  101  17:25  Hatchery  
  101  17:27  Zergling x16  
  108  17:52  Zergling x8  
  109  18:38  Drone x6  
  115  18:53  Greater Spire  
  111  19:36  Hatchery  
  110  19:47  Hatchery  
Show
View Real Time Build Order
Export as new Build Order

Massa Terran 

Build Orders:  

Get SALT Encoding   

  12  0:00  SCV  
  13  0:12  SCV  
  14  0:21  Supply Depot  
  14  0:24  SCV  
  15  0:43  SCV  
  15  0:44  Barracks  
  15  0:46  Refinery  
  16  0:55  SCV  
  17  1:07  SCV  
  18  1:19  SCV  
  20  1:33  Orbital Command  
  19  1:41  Command Center  
  19  1:58  Barracks Tech Lab  
  19  2:00  Supply Depot  
  19  2:01  SCV  
  20  2:04  Factory  
  20  2:13  SCV  
  21  2:16  Marine  
  22  2:31  SCV  
  23  2:37  Supply Depot  
  23  2:43  SCV  
  24  2:54  Factory Reactor  
  24  2:55  Starport, Marine  
  25  3:02  SCV  
  25  3:03  Orbital Command  
  26  3:09  Engineering Bay  
  26  3:14  SCV  
  26  3:19  Barracks  
  27  3:20  Barracks  
  27  3:24  Marauder  
  27  3:26  SCV  
  30  3:31  SCV, Hellion  
  33  3:34  Hellion  
  35  3:43  Medivac  
  37  3:49  SCV  
  37  3:50  SCV  
  37  3:52  Hellion  
  41  3:56  Hellion  
  41  3:57  Missile Turret  
  41  4:01  Missile Turret  
  43  4:03  SCV x2  
  43  4:05  Refinery  
  45  4:13  Hellion  
  45  4:15  SCV  
  45  4:16  SCV  
  49  4:17  Hellion  
  49  4:23  Stimpack  
  51  4:24  Marine  
  51  4:28  Barracks Tech Lab  
  51  4:29  SCV x2  
  54  4:32  Refinery  
  54  4:38  Supply Depot  
  54  4:41  Supply Depot  
  54  5:00  Widow Mine, SCV x2  
  54  5:12  SCV x2  
  56  5:19  Widow Mine, Marine  
  57  5:21  Barracks Reactor, Widow Mine  
  57  5:22  Marauder  
  57  5:25  SCV x2  
  63  5:29  Refinery  
  63  5:37  SCV x2  
  63  5:38  Marauder  
  63  5:42  Starport Reactor  
  67  5:44  Command Center  
  67  5:45  Widow Mine  
  67  5:49  SCV  
  70  5:50  Supply Depot  
  70  5:53  Supply Depot  
  70  5:55  Supply Depot  
  70  6:04  Factory  
  70  6:07  Barracks  
  70  6:12  Widow Mine, SCV x2  
  70  6:16  Widow Mine, Supply Depot  
  76  6:18  Supply Depot  
  76  6:19  Supply Depot  
  76  6:20  Marauder  
  76  6:21  Marauder, Marine x2, Combat Shield  
  76  6:24  SCV  
  83  6:30  Medivac  
  85  6:34  Widow Mine  
  85  6:37  Widow Mine  
  85  6:38  Marine  
  85  6:39  Marine  
  91  6:40  Concussive Shells  
  91  6:41  Supply Depot  
  91  6:42  Marauder x2  
  91  6:43  Supply Depot  
  95  6:54  SCV x2  
  96  6:55  Widow Mine  
  99  7:06  SCV  
  90  7:31  Medivac x2  
  90  7:32  Marauder x2, Marine x2  
  90  7:33  Marine  
  87  7:50  Marine  
  88  7:54  Marauder x2  
  84  8:01  Marine  
  84  8:03  Barracks Reactor  
  83  8:06  Factory Tech Lab  
  83  8:07  Widow Mine  
  83  8:08  Widow Mine, Marine  
  83  8:09  Medivac x2  
  92  8:15  Marauder x2  
  92  8:19  Marine  
  91  8:29  Widow Mine x2, Planetary Fortress  
  91  8:31  SCV  
  91  8:32  SCV  
  95  8:36  Marauder  
  95  8:40  Armory  
  97  8:43  Engineering Bay  
  97  8:44  SCV x2, Terran Infantry Weapons Level 1  
  99  8:56  Refinery, SCV  
  99  8:57  Refinery, SCV  
  99  9:00  Siege Tank  
  99  9:01  Widow Mine x2  
  108  9:03  Marauder x2, Marine  
  108  9:04  Marine x3  
  108  9:08  SCV  
  108  9:09  SCV  
  118  9:12  SCV  
  118  9:16  Command Center  
  119  9:19  Missile Turret  
  119  9:20  SCV  
  119  9:21  SCV, Marine, Missile Turret, Terran Infantry Armor Level 1  
  119  9:22  Marine x3  
  125  9:24  SCV, Marine x2  
  125  9:27  Armory  
  125  9:28  Terran Vehicle And Ship Armor Level 1  
  128  9:32  SCV  
  128  9:33  SCV, Drilling Claws  
  130  9:39  Marine  
  130  9:40  Marine x3  
  130  9:42  Marauder  
  130  9:43  Marauder  
  138  9:47  Barracks  
  138  9:48  Barracks  
  138  9:51  Barracks  
  135  9:57  Marine  
  136  10:01  Command Center  
  139  10:14  Siege Tank  
  139  10:15  Widow Mine x2  
  139  10:19  SCV x3  
  146  10:22  Marauder, Marine  
  149  10:34  Supply Depot x2  
  149  10:35  Supply Depot  
  149  10:38  Supply Depot  
  149  10:39  Terran Vehicle Weapons Level 1  
  149  10:40  Terran Infantry Weapons Level 2, Supply Depot  
  149  10:46  Barracks Reactor x2, Barracks Tech Lab  
  149  10:56  Widow Mine x2, SCV x2, Marauder x2, Marine x4, Siege Tank  
  149  10:57  Supply Depot  
  166  10:58  Smart Servos  
  166  10:59  Supply Depot  
  166  11:00  Supply Depot  
  166  11:01  Supply Depot  
  166  11:04  Supply Depot  
  166  11:13  Marine x3  
  166  11:17  Hellion x2, Marauder  
  166  11:18  Marauder  
  177  11:24  Supply Depot  
  177  11:26  SCV x3  
  180  11:38  SCV x3  
  180  11:39  Hellion x2, Marauder  
  150  12:42  Missile Turret  
  150  12:43  Missile Turret x2  
  150  12:44  Missile Turret  
  92  13:06  Marauder  
  92  13:07  Marauder x2, Marine x2  
  100  13:14  Command Center  
  100  13:23  Command Center  
  100  13:28  Marauder x3  
  100  13:31  Marine x2, Missile Turret  
  100  13:32  Marine x6  
  100  13:33  Siege Tank  
  117  13:35  Hellion x2  
  117  13:38  Medivac  
  123  13:43  Command Center  
  123  13:49  Marauder, Marine x3  
  123  13:50  Marauder x2, Missile Turret x2  
  132  13:56  Hellion x2  
  132  13:58  Terran Infantry Weapons Level 3, Missile Turret  
  132  14:00  Terran Infantry Armor Level 2  
  136  14:05  Siege Tank  
  136  14:08  Terran Vehicle And Ship Armor Level 2  
  136  14:09  Missile Turret  
  139  14:10  Marauder  
  139  14:11  Marauder x2  
  145  14:25  Orbital Command  
  145  14:32  Marauder  
  145  14:35  Planetary Fortress  
  145  14:37  Siege Tank  
  150  14:54  Missile Turret  
  150  14:57  Missile Turret  
  150  14:59  Widow Mine  
  152  15:00  Widow Mine  
  149  15:09  Siege Tank  
  152  15:20  Widow Mine  
  152  15:21  Widow Mine  
  154  15:32  Refinery x2  
  154  15:37  Command Center  
  154  15:41  Siege Tank  
  153  16:04  Marauder x3, Marine  
  149  16:05  Marine x7  
  149  16:07  Widow Mine x2  
  161  16:13  Thor  
  164  16:22  Marine x4  
  164  16:23  Marine  
  164  16:25  Marauder x3  
  163  16:29  Widow Mine x2  
  163  16:33  Marine x2  
  163  16:34  Marine  
  166  16:40  Marine x4  
  166  16:47  Marauder x2  
  166  16:50  Widow Mine x2  
  144  16:56  Thor  
  141  17:10  Marauder x3, Marine  
  141  17:11  Widow Mine, Marine x4  
  141  17:14  Terran Infantry Armor Level 3  
  150  17:23  Medivac x2  
  154  17:31  Marauder x2  
  156  17:39  Siege Tank  
  155  17:53  Medivac x2  
  147  18:11  Siege Tank  
  148  18:17  Marauder x2, Marine  
  148  18:18  Marauder, Marine x3  
  105  18:38  Command Center  
  105  18:39  Marauder  
  107  18:41  Marauder x2  
  107  18:42  Marine x7  
  118  18:53  Siege Tank  
  125  18:55  Widow Mine  
  125  18:56  Widow Mine  
  122  19:10  Marauder, Marine x4  
  122  19:11  Marine x6  
  128  19:17  Widow Mine  
  126  19:25  Siege Tank  
  126  19:28  Marine  
  130  19:35  Command Center  
Show
View Real Time Build Order
Export as new Build Order

qqq Zerg 

Build Orders: Hatch First 

Get SALT Encoding   

  12  0:01  Drone  
  13  0:08  Drone  
  14  0:21  Overlord  
  14  0:50  Hatchery  
  13  1:04  Drone x2  
  13  1:11  Drone  
  16  1:17  Drone  
  17  1:22  Extractor  
  16  1:26  Drone  
  16  1:29  Spawning Pool  
  16  1:35  Extractor  
  16  1:38  Drone  
  16  1:50  Drone  
  17  2:01  Drone  
  18  2:02  Drone  
  19  2:10  Drone  
  20  2:21  Lair  
  20  2:22  Queen  
  22  2:25  Drone  
  22  2:26  Drone  
  25  2:30  Drone  
  25  2:44  Drone, Overlord  
  25  2:45  Drone  
  25  2:48  Drone  
  28  2:55  Overlord  
  28  3:02  Queen  
  30  3:20  Spire  
  30  3:22  Drone  
  30  3:23  Drone  
  31  3:28  Drone  
  31  3:29  Drone  
  31  3:30  Infestation Pit  
  31  3:32  Drone  
  33  3:41  Drone x2  
  35  3:44  Overlord  
  35  3:46  Drone  
  36  3:49  Drone  
  37  3:58  Drone  
  37  3:59  Drone x2  
  37  4:02  Extractor  
  39  4:03  Extractor  
  39  4:09  Hive  
  38  4:10  Drone  
  38  4:13  Overlord  
  39  4:18  Drone  
  39  4:20  Drone  
  41  4:26  Drone x2  
  41  4:28  Drone  
  44  4:36  Drone, Mutalisk x2  
  44  4:38  Mutalisk  
  49  4:43  Mutalisk  
  53  4:48  Drone  
  54  4:53  Overlord  
  54  4:55  Drone x2  
  54  4:56  Mutalisk  
  54  4:59  Drone  
  59  5:10  Overlord  
  59  5:11  Overlord  
  59  5:36  Mutalisk x4  
  59  5:39  Hatchery  
  66  5:44  Drone x2  
  66  5:45  Drone  
  66  5:46  Mutalisk  
  66  5:47  Drone x2  
  73  5:58  Greater Spire  
  73  6:00  Drone x2  
  75  6:04  Mutalisk  
  77  6:12  Mutalisk  
  77  6:16  Overlord  
  79  6:23  Overlord  
  79  6:36  Mutalisk  
  79  6:37  Mutalisk  
  83  6:40  Mutalisk  
  83  6:42  Drone  
  83  6:45  Hatchery  
  85  6:49  Drone  
  85  6:50  Mutalisk  
  85  6:51  Drone x2  
  90  6:58  Corruptor  
  92  7:14  Mutalisk  
  84  7:26  Corruptor  
  84  7:27  Corruptor  
  86  7:39  Corruptor  
  86  7:42  Drone x5, Overlord x2  
  86  7:43  Drone x5  
  98  7:45  Extractor  
  98  7:46  Extractor  
  98  7:49  Drone x2  
  98  8:07  Viper  
  98  8:08  Corruptor  
  103  8:14  Corruptor  
  103  8:18  Overlord x2  
  103  8:19  Drone x5  
  110  8:26  Drone  
  111  8:30  Zerg Flyer Weapons Level 1  
  111  8:35  Hatchery, Spine Crawler  
  111  8:38  Drone x4  
  111  8:39  Corruptor  
  115  8:41  Corruptor  
  115  8:42  Hatchery  
  115  8:43  Drone x2  
  118  9:00  Spore Crawler  
  117  9:05  Corruptor, Viper  
  117  9:06  Drone  
  117  9:07  Drone x3, Overlord x2  
  117  9:08  Drone x2  
  128  9:13  Brood Lord  
  130  9:17  Spine Crawler x2, Spore Crawler  
  130  9:21  Drone  
  130  9:22  Drone  
  129  9:27  Spire  
  129  9:30  Corruptor  
  130  9:31  Spine Crawler  
  129  9:40  Corruptor  
  129  9:42  Drone x2  
  129  9:43  Drone x3, Zergling x4  
  129  9:44  Zergling x6  
  141  9:53  Corruptor  
  141  9:54  Corruptor  
  141  9:56  Corruptor  
  141  9:58  Drone  
  141  9:59  Drone x2  
  150  10:01  Extractor  
  150  10:02  Extractor  
  150  10:04  Brood Lord  
  150  10:10  Corruptor  
  150  10:12  Zergling x6  
  150  10:13  Zergling x2, Overlord x3  
  156  10:21  Drone  
  157  10:36  Drone x2  
  157  10:37  Drone x3  
  157  10:40  Spine Crawler  
  161  10:47  Corruptor x3  
  164  10:52  Corruptor  
  164  10:53  Spine Crawler, Corruptor  
  164  10:56  Brood Lord  
  164  10:57  Brood Lord  
  170  10:59  Drone, Zergling x6  
  170  11:00  Drone x3  
  177  11:07  Spore Crawler  
  177  11:10  Spine Crawler  
  135  11:36  Mutalisk  
  135  11:37  Corruptor x6  
  135  11:38  Corruptor  
  129  11:41  Drone, Zergling x4  
  129  11:42  Drone  
  112  11:52  Zergling x2  
  112  11:53  Zergling x6  
  102  11:55  Hatchery  
  102  11:59  Baneling Nest  
  100  12:03  Evolution Chamber  
  100  12:04  Evolution Chamber  
  100  12:05  Metabolic Boost  
  100  12:07  Drone x2, Zergling x4  
  102  12:13  Spore Crawler  
  102  12:14  Spore Crawler  
  102  12:15  Spore Crawler  
  95  12:17  Spore Crawler  
  95  12:18  Spore Crawler  
  95  12:21  Spore Crawler  
  92  12:23  Spore Crawler  
  92  12:24  Zergling x14, Spore Crawler  
  92  12:25  Zergling x2  
  98  12:36  Spine Crawler  
  97  12:43  Zerg Ground Armor Level 1, Zerg Melee Weapons Level 1  
  97  12:44  Centrifical Hooks  
  97  12:45  Zergling x10  
  97  12:46  Zergling x6  
  97  12:51  Baneling x5  
  104  12:52  Baneling x4  
  104  12:53  Zergling x4  
  105  13:02  Zergling x4  
  105  13:05  Baneling x5  
  91  13:24  Zerg Flyer Weapons Level 2  
  91  13:28  Zerg Flyer Armor Level 1  
  91  13:33  Spore Crawler  
  90  13:34  Zergling x2  
  90  13:35  Zergling x16  
  90  13:36  Hatchery, Zergling x8  
  90  13:37  Zergling x4  
  104  13:46  Queen  
  104  13:48  Drone x3  
  108  13:49  Drone x2  
  111  13:56  Spore Crawler  
  111  14:00  Baneling  
  111  14:01  Baneling x18, Spore Crawler  
  111  14:02  Baneling x4  
  109  14:16  Zergling x2  
  109  14:17  Zergling x16  
  112  14:18  Zergling x12  
  112  14:19  Zergling x2  
  125  14:31  Ultralisk Cavern  
  119  14:48  Zergling x22  
  119  14:49  Zergling x16  
  119  14:51  Baneling x18  
  119  14:52  Baneling x15  
  137  14:58  Drone  
  138  15:01  Spine Crawler  
  138  15:03  Spine Crawler  
  126  15:29  Zergling x10  
  126  15:30  Zergling x4  
  118  15:40  Zergling x2  
  118  15:42  Ultralisk x2  
  124  15:46  Anabolic Synthesis  
  124  15:49  Zergling x6  
  126  15:50  Zergling x2  
  110  16:24  Baneling  
  110  16:25  Baneling x22  
  110  16:26  Baneling  
  110  16:27  Baneling  
  110  16:28  Chitinous Plating  
  110  16:42  Drone x3  
  110  16:43  Drone x3  
  86  16:54  Hatchery  
  59  17:05  Zergling x8, Ultralisk  
  59  17:06  Drone  
  59  17:07  Drone x2  
  59  17:08  Drone  
  70  17:10  Drone  
  71  17:24  Baneling x6  
  71  17:48  Zergling x6  
  71  17:49  Ultralisk  
  71  17:50  Ultralisk  
  51  18:07  Corruptor  
  49  18:28  Corruptor  
  48  20:14  Hatchery  
Tags
 
Add a new tag
Caveats
  • Supply blocks, unpowered buildings, or Contaminate may cause inaccurate times.
  • Supply counts are checked every 10 seconds.